 Dungeon Crawl Stone Soup version 0.24.0-123-gd5b16e6ec5 (webtiles) character file.

Game seed: 11120145022546147015, levelgen mode: deterministic

112 mortelune the Firebug (level 4, -3/25 HPs)
             Began as a Gargoyle Fire Elementalist on Jan 11, 2020.
             Slain by Eustachio
             ... wielding a +0 rapier of speed
              (4 damage)
             ... on level 6 of the Dungeon.
             The game lasted 00:05:31 (2602 turns).

mortelune the Firebug (Gargoyle Fire Elementalist)  Turns: 2602, Time: 00:05:32

Health: -3/25      AC:  6    Str: 11    XL:     4   Next: 95%
Magic:  4/7        EV: 12    Int: 17    God:
Gold:   60         SH:  0    Dex: 10    Spells: 2/8 levels left

rFire    . . .     SeeInvis .   d - +0 mace
rCold    . . .     Gourm    .   (no shield)
rNeg     + . .     Faith    .   a - +0 robe
rPois    ∞         Spirit   .   h - +0 helmet
rElec    +         Reflect  .   (no cloak)
rCorr    .         Harm     .   (no gloves)
MR       .....                  (no boots)
Stlth    ++........             (no amulet)
HPRegen  0.08/turn              (no ring)
MPRegen  0.10/turn              (no ring)

@: no status effects
A: negative energy resistance 1, electricity resistance, unbreathing,
petrification resistance, rot immunity, AC +3
a: no special abilities


You were on level 6 of the Dungeon.
You were not hungry.

You visited 1 branch of the dungeon, and saw 4 of its levels.

You collected 60 gold pieces.

Inventory:

Hand Weapons
 d - a +0 mace (weapon)
Armour
 a - a +0 robe (worn)
 h - a +0 helmet (worn)
Jewellery
 j - an uncursed ring of fire {unknown}
Scrolls
 b - a scroll of magic mapping {unknown}
 f - a scroll of enchant armour {unknown}
 g - a scroll of blinking {unknown}
 l - 2 scrolls of remove curse {unknown}
 m - 2 scrolls of identify {unknown}
Potions
 e - a potion of haste {unknown}
 i - a potion of lignification {unknown}
 k - a potion of curing {unknown}
 n - a potion of degeneration {unknown}
Comestibles
 c - 7 chunks of flesh


   Skills:
 + Level 1.5 Fighting
 - Level 1.5 Dodging
 - Level 2.1 Stealth
 + Level 2.6 Spellcasting
 * Level 2.9 Conjurations
 * Level 4.0 Fire Magic


You had 2 spell levels left.
You knew the following spells:

 Your Spells              Type           Power        Failure   Level  Hunger
a - Flame Tongue          Conj/Fire      ##...        4%          1    #......
b - Throw Flame           Conj/Fire      ##....       7%          2    ##.....
c - Conjure Flame         Conj/Fire      ##......     13%         3    ###....

Your spell library contained the following spells:

 Spells                   Type           Power        Failure   Level  Hunger
 Inner Flame              Hex/Fire       #.......     24%         3    ###....
 Sticky Flame             Conj/Fire      ##......     41%         4    #####..
 Fireball                 Conj/Fire      ##........   77%         5    ######.


Dungeon Overview and Level Annotations

Branches:
Dungeon (3/15)

Altars:
Nemelex Xobeh
Okawaru
Ru

Annotations:
D:6 Eustachio


Innate Abilities, Weirdness & Mutations

You are resistant to torment.
Your stone body is resilient. (AC +3)
You are immune to poison.
You resist negative energy. (rN+)
You are resistant to electric shocks. (rElec)
You can survive without breathing.
You are immune to petrification.
You are immune to rotting.


Message History

You closely miss Eustachio. The bat misses you. The bat barely misses you.
Eustachio hits you but does no damage. The adder bites you but does no damage.
The river rat bites you!
* * * LOW HITPOINT WARNING * * *
The river rat bites you.
* * * LOW HITPOINT WARNING * * *
Eustachio hits you but does no damage. The rat bites you but does no damage.
You barely miss Eustachio. The adder misses you. The river rat misses you.
The river rat bites you but does no damage.
The adder bites you but does no damage. Eustachio misses you.
The rat misses you.
The river rat bites you but does no damage.
The river rat misses you.
Unknown command.
You sock Eustachio!
Eustachio is moderately wounded.
The adder bites you but does no damage.
The howler monkey hoots and howls with incredible vigour!
Eustachio hits you with a +0 rapier of speed.
You die...

..........
h..S.....
....... ....
#####'##### #
#.........## .#
#...bh.....##.#
#..Srr...≈.≈..#
####@r..≈.≈.≈.#
#@...#...#.#
.......#.≈%# #
....####...#
.._..# #.≈.#
...... #...#
#...... #.≈.#
####... #...#
#≈_≈#


You could see Eustachio, a howler monkey, an adder, 2 river rats, a bat and a
rat.

Vanquished Creatures
  3 gnolls (D:2)
  5 adders
  A worm (D:2)
  A ball python (D:2)
  2 giant cockroaches (D:2)
  A goblin (D:2)
  10 hobgoblins
  A quokka (D:2)
  3 bats (D:1)
  3 frilled lizards
  3 kobolds
  6 rats
39 creatures vanquished.

Notes
Turn   | Place    | Note
-------+----------+-------------------------------------------
     0 | D:1      | mortelune the Gargoyle Fire Elementalist began the quest
                  | for the Orb.
     0 | D:1      | Reached XP level 1. HP: 10/10 MP: 3/3
   257 | D:1      | Reached XP level 2. HP: 12/16 MP: 0/5
   312 | D:1      | Learned a level 2 spell: Throw Flame
  1155 | D:2      | Found an iron altar of Okawaru.
  1165 | D:2      | Reached XP level 3. HP: 20/20 MP: 0/6
  1170 | D:2      | Learned a level 3 spell: Conjure Flame
  1334 | D:2      | Reached skill level 1 in Fighting
  1765 | D:2      | Reached XP level 4. HP: 25/25 MP: 0/7
  2151 | D:2      | HP: 1/25 [gnoll/+0 whip (7)]
  2555 | D:3      | Reached skill level 4 in Fire Magic
  2585 | D:3      | You fall into a shaft and drop 3 floors!
  2585 | D:6      | Found a sacrificial altar of Ru.
  2586 | D:6      | Noticed Eustachio
  2591 | D:6      | Found a sparkling altar of Nemelex Xobeh.
  2600 | D:6      | HP: 1/25 [river rat[Eustachio] (4)]
  2602 | D:6      | Slain by Eustachio

Levels and vault maps discovered:
D:1:      kennysheep_arrival_seaside, layout_rooms
D:2:      layout_loops_cross, okawaru_ov_weapons_minmay
D:3:      layout_loops_ring, grunt_temple_overflow_open, marbit_many_paths,
          nrook_mini_backslash, columned_hall_lemuel, uniq_jessica
D:6:      layout_basic, nicolae_ru_path_of_blood, basic_altar, serial_shops,
          shop, uniq_eustachio

Skill      XL: |  1  2  3  4 |
---------------+-------------+-----
Conjurations   | 2 |  2.9
Fighting       | 1 |  1.5
Fire Magic     | 4 |  4.0
Dodging        | |  1.5
Stealth        | |  2.1
Spellcasting   | |  2.6

Action                   |  1- 3 |  4- 6 || total
-------------------------+-------+-------++-------
Melee: Mace              |    12 |    15 ||    27
 Cast: Flame Tongue      |    44 |    18 ||    62
       Throw Flame       |    17 |     4 ||    21
  Eat: Chunk             |     4 |       ||     4
       Ration            |       |     1 ||     1
Armor: Robe              |    12 |    13 ||    25
Dodge: Dodged            |    16 |    24 ||    40
